 Dungeon Crawl Stone Soup version 0.30-a0-613-gdd512c7efb (webtiles) character file.

Game seed: 4668733549824928855

190 demibob the Cudgeller (level 5, -1/75 HPs)
             Began as a Troll Berserker on Jan 9, 2023.
             Was a Believer of Trog.
             Succumbed to a water moccasin's poison
             ... on level 4 of the Dungeon.
             The game lasted 00:02:47 (2397 turns).

demibob the Cudgeller (Troll Berserker)             Turns: 2397, Time: 00:02:47

Health: -1/75      AC:  4    Str: 25    XL:     5   Next: 41%
Magic:  4/4        EV: 10    Int:  5    God:    Trog [**....]
Gold:   156        SH:  0    Dex:  9    Spells: 4/4 levels left

rFire   . . .      SeeInvis .    a - +0 mace
rCold   . . .      Faith    .    (no shield)
rNeg    . . .      Spirit   .    b - +0 animal skin
rPois   .          Reflect  .    (helmet restricted)
rElec   .          Harm     .    (no cloak)
rCorr   .          Rampage  .    (gloves unavailable)
Will    +....                    (boots unavailable) Stlth
                                 (no amulet)
HPRegen 1.12/turn                W - ring of willpower
MPRegen 0.09/turn                (no ring)

@: berserking (expiring), lethally poisoned (-1 -> -8), very quick
A: large, unfitting armour, claws 3, regeneration 1, shaggy fur 1, tough skin 1
a: Renounce Religion, Berserk, Trog's Hand


You were on level 4 of the Dungeon.
You worshipped Trog.
Trog was pleased with you.
You visited 1 branch of the dungeon, and saw 4 of its levels.

You collected 156 gold pieces.


Innate Abilities, Weirdness & Mutations

You are too large for most types of armour.
You have claws for hands.
Your natural rate of healing is unusually fast.
You are covered in fur. (AC +1)
You have tough skin. (AC +1)


   Skills:
 - Level 2.4 Fighting
 + Level 5.6 Maces & Flails
 - Level 2.4 Dodging


You had 4 spell levels left.
You didn't know any spells.
Your spell library was empty.

Inventory:

Hand Weapons
 a - a +0 mace (weapon)
Missiles
 j - 2 poisoned darts (quivered)
Armour
 b - a +0 animal skin (worn)
Jewellery
 C - a ring of ice
 W - a ring of willpower (left claw)
Wands
 o - a wand of light (10)
Scrolls
 e - a scroll of immolation {unknown}
 f - a scroll of enchant armour {unknown}
Potions
 c - 4 potions of heal wounds {@q2}
 d - 3 potions of brilliance {unknown}
 g - a potion of curing {unknown}
 h - 5 potions of haste {@q3}
 i - a potion of invisibility {unknown}
 l - a potion of ambrosia {unknown}
 m - 2 potions of degeneration

Dungeon Overview and Level Annotations

Branches:
Dungeon (4/15)
 Temple: D:4-7

Altars:

.# ...# .....####
......S.####
......h@...####
####....?.....#####
#####..........######
#####...........#
####.........
####...... ###....
###.. ###


You could see a water moccasin and a hound.


Message History

* * * LOW HITPOINT WARNING * * *
You barely miss the water moccasin.
You feel sick. The water moccasin bites you.
* * * LOW HITPOINT WARNING * * *
The hound bites you but does no damage.
You closely miss the water moccasin.
You feel sick.
The water moccasin completely misses you.
The hound bites you but does no damage.
The water moccasin bites you but does no damage.
You barely miss the water moccasin.
You feel sick. The hound bites you but does no damage.
The water moccasin bites you but does no damage.
You hit the water moccasin.
The water moccasin is lightly wounded.
You feel sick. The hound closely misses you.
The water moccasin barely misses you.
You barely miss the water moccasin.
The water moccasin is lightly wounded.
You feel sick. The hound closely misses you. The water moccasin bites you!
* * * LOW HITPOINT WARNING * * *
You hit the water moccasin.
The water moccasin is lightly wounded.
You feel sick. The hound bites you but does no damage.
The water moccasin bites you.
* * * LOW HITPOINT WARNING * * *
You are lethally poisoned!
The water moccasin poisons you! The hound closely misses you.
You miss the water moccasin.
The water moccasin is lightly wounded.
You die...

Skill      XL: |  1  2  3  4 |
---------------+-------------+-----
Maces & Flails | 3 4 5 |  5.6
Fighting       | |  2.4
Dodging        | |  2.4

Action                   |  1- 3 |  4- 6 || total
-------------------------+-------+-------++-------
Melee: Mace              |   121 |    80 ||   201
       Punch             |       |     1 ||     1
Invok: Berserk           |       |     2 ||     2
  Use: Scroll            |       |     6 ||     6
 Stab: Sleeping          |     1 |     1 ||     2
Armor: Animal skin       |    60 |    23 ||    83
Dodge: Dodged            |    77 |    38 ||   115

Levels and vault maps discovered:
D:1:      minmay_arrival_jagged, layout_basic
D:2:      layout_loops_cross, uniq_natasha
D:3:      layout_loops_ring
D:4:      layout_cave_pods, hex_medium, uniq_ijyb

Notes
Turn   | Place    | Note
-------+----------+-------------------------------------------
     0 | D:1      | demibob the Troll Berserker began the quest for the Orb.
     0 | D:1      | Reached XP level 1. HP: 22/22 MP: 0/0
    63 | D:1      | Reached skill level 3 in Maces & Flails
    94 | D:1      | Reached XP level 2. HP: 29/29 MP: 1/1
   818 | D:2      | Reached XP level 3. HP: 36/36 MP: 2/2
   861 | D:2      | Reached ** piety under Trog
   896 | D:2      | Noticed Natasha
   902 | D:2      | Killed Natasha
   903 | D:2      | Reached skill level 4 in Maces & Flails
  1277 | D:2      | Reached XP level 4. HP: 37/44 MP: 3/3
  1420 | D:2      | Noticed Natasha
  1428 | D:2      | Killed Natasha
  1666 | D:3      | Reached skill level 5 in Maces & Flails
  2325 | D:4      | Noticed a necrophage
  2337 | D:4      | Killed a necrophage
  2338 | D:4      | Reached XP level 5. HP: 50/50 MP: 4/4
  2380 | D:4      | Noticed a water moccasin
  2395 | D:4      | HP: 3/75 [water moccasin (8)]
  2396 | D:4      | HP: 1/75 [water moccasin (2)]
  2397 | D:4      | Succumbed to a water moccasin's poison

Vanquished Creatures
  A necrophage (D:4)
  Natasha (twice) (D:2)
  An adder (D:3)
  A worm (D:4)
  3 dart slugs
  8 bats
  7 endoplasms
  2 giant cockroaches
  5 goblins
  3 hobgoblins
  7 kobolds
  4 quokkas
  6 ball pythons
  4 frilled lizards
  8 rats
62 creatures vanquished.

Table legend: (Time is in decaauts)
 A = Elapsed time spent in this place.
 B = Non-inter-level travel time spent in this place.
 C = Inter-level travel time spent in this place.
 D = Time resting spent in this place.
 E = Time spent auto-exploring this place.
 F = Levels seen in this place.
 G = Mean time per level.
                   A        B        C        D        E       F      G
               +--------+--------+--------+--------+--------+-----+--------+
         Total |   2445 |   2356 |     89 |    102 |   1749 |   4 |  611.2 |
       Dungeon |   2445 |   2356 |     89 |    102 |   1749 |   4 |  611.2 |
               +--------+--------+--------+--------+--------+-----+--------+

Top non-repeatable levels by time:
     D:2: 826 daAuts
     D:1: 790 daAuts
     D:3: 633 daAuts
     D:4: 195 daAuts

Table legend:
 A = Non-vault XP
 B = Vault XP
 C = Vault XP percentage of total XP
 D = Non-vault monster count
 E = Vault monster count
 F = Vault count percentage of total count
                 A         B        C        D         E       F
            +---------+---------+-------+---------+---------+-------
      Total |     237 |      35 |  12.9 |      61 |       1 |   1.6
            +---------+---------+-------+---------+---------+-------
        D:1 |      33 |       0 |   0.0 |      20 |       0 |   0.0
        D:2 |      71 |      35 |  33.0 |      22 |       1 |   4.3
        D:3 |      33 |       0 |   0.0 |      13 |       0 |   0.0
        D:4 |     100 |       0 |   0.0 |       6 |       0 |   0.0
            +---------+---------+-------+---------+---------+-------
